 Dungeon Crawl Stone Soup version 0.31-a0-23-gcbde74481b (webtiles) character file.

Game seed: 8356283777529053664

1026 dracfodder the Digger (level 8, 0/43 HPs)
             Began as a Gargoyle Earth Elementalist on May 14, 2023.
             Was an Initiate of Vehumet.
             Slain by a gnoll
             ... wielding a +0 spear
             ... led by a gnoll bouda
              (2 damage)
             ... on level 5 of the Dungeon.
             The game lasted 00:25:33 (5208 turns).

dracfodder the Digger (Gargoyle Earth Elementalist) Turns: 5208, Time: 00:25:35

Health: 0/43       AC: 13    Str: 13    XL:     8   Next: 23%
Magic:  8/15       EV: 12    Int: 17    God:    Vehumet [......]
Gold:   170        SH:  0    Dex: 10    Spells: 13/17 levels left

rFire   . . .        b - +0 sling
rCold   . . .        (no shield)
rNeg    + . .        c - +1 robe
rPois   ∞            p - +0 helmet
rElec   +            (no cloak)
rCorr   .            (no gloves)
SInv    .            (no boots)
Will    .....        (no amulet)
Stlth   ++           t - ring of wizardry
HPRegen 0.27/turn    j - +4 ring of protection
MPRegen 0.14/turn

%: wizardry (x1)
@: weakened
A: sickness immunity, AC +5, negative energy resistance 1, electricity
resistance, torment resistance 1, petrification resistance
a: Renounce Religion


You were on level 5 of the Dungeon.
You worshipped Vehumet.
Vehumet was noncommittal.
You visited 2 branches of the dungeon, and saw 6 of its levels.

You collected 170 gold pieces.

Inventory:

Hand Weapons
 a - a +0 war axe
 b - a +0 sling (weapon)
Armour
 c - a +1 robe (worn)
 p - a +0 helmet (worn)
Jewellery
 j - a +4 ring of protection (right hand)
 n - a ring of wizardry
 t - a ring of wizardry (left hand)
Wands
 s - a wand of paralysis (10)
Scrolls
 d - a scroll of teleportation
 k - a scroll of fear
 l - a scroll of magic mapping
 m - a scroll of poison
 o - a scroll of fog
Potions
 e - 3 potions of mutation {unknown}
 f - a potion of might
 g - a potion of magic
 h - a potion of curing {unknown}
 i - a potion of brilliance {unknown}
 q - 2 potions of heal wounds {unknown}
 r - 3 potions of haste {unknown}
 u - a potion of flight {unknown}
 v - a potion of degeneration {unknown}


   Skills:
 + Level 1.3 Fighting
 + Level 1.4 Axes
 + Level 2.8 Ranged Weapons
 + Level 2.0 Dodging
 + Level 3.0 Stealth
 + Level 5.1 Spellcasting
 + Level 1.8 Conjurations
 + Level 0.7 Transmutations
 + Level 7.7 Earth Magic


You had 13 spell levels left.
You knew the following spells:

 Your Spells              Type           Power      Damage    Failure   Level
a - Sandblast             Erth           60%        2d14      1%          1
b - Stone Arrow           Conj/Erth      40%        3d9       2%          3

Your spell library contained the following spells:

 Spells                   Type           Power      Damage    Failure   Level
 Passwall                 Tmut/Erth      15%        N/A       1%          2
 Lesser Beckoning         Tloc           8%         N/A       9%          2
 Petrify                  Tmut/Erth      18%        N/A       10%         4
 Gell's Gravitas          Tloc           4%         N/A       16%         3
 Teleport Other           Tloc           4%         N/A       16%         3


Dungeon Overview and Level Annotations

Branches:
Dungeon (5/15)             Temple (1/1) D:4

Altars:
Ashenzari
Cheibriados
Dithmenos
Elyvilon
Fedhas
Gozag
Kikubaaqudgha
Makhleb
Qazlal
Trog
Uskayaw
Vehumet
Wu Jian
Xom
Yredelemnul
Zin
The Shining One

Shops:
D:2 [   D:5 *

Annotations:
D:3 3 runed translucent doors, scionoferis's ghost, amateur DjCj


Innate Abilities, Weirdness & Mutations

You are immune to sickness and miasma.
Your stone body is resilient. (AC +5)
You are immune to poison.
You resist negative energy. (rN+)
You are resistant to electric shocks. (rElec)
You are resistant to unholy torment.
You are immune to petrification.


Message History

The gnoll closely misses you. The gnoll hits you but does no damage.
You shoot a sling bullet.
The sling bullet hits the gnoll bouda but does no damage.
The gnoll bouda is lightly wounded.
The gnoll misses you.
The gnoll hits you from afar with a +0 spear.
The gnoll hits you but does no damage. The gnoll closely misses you.
The gnoll misses you.
You shoot a sling bullet. The sling bullet hits the gnoll bouda!
The gnoll bouda is heavily wounded.
The gnoll barely misses you.
The gnoll hits you from afar with a +0 spear.
The gnoll hits you with a +0 flail.
You shoot a sling bullet.
The sling bullet hits the gnoll bouda but does no damage.
The gnoll bouda is heavily wounded.
The gnoll barely misses you.
The gnoll hits you from afar with a +0 spear.
You shoot a sling bullet. The sling bullet hits the gnoll bouda.
The gnoll bouda is severely wounded.
The gnoll hits you but does no damage.
The gnoll hits you from afar with a +0 spear.
* * * LOW HITPOINT WARNING * * *
The gnoll hits you with a +0 flail.
* * * LOW HITPOINT WARNING * * *
Aiming: Paralyse
Press: ? - help, Shift-Dir - straight line, f/p - gnoll bouda
Aim: a gnoll bouda, wielding a staff of cold and wearing a +0 leather armour (severely wounded, paralysed, chance to affect: 49%)
The gnoll suddenly stops moving!
The gnoll bouda is no longer paralysed.
The gnoll bouda prays to its god.
The gnoll bouda is healed somewhat.
The gnoll hits you from afar with a +0 spear.
* * * LOW HITPOINT WARNING * * *
You shoot a sling bullet. The sling bullet hits the gnoll.
The gnoll is moderately wounded.
The gnoll hits you but does no damage.
The gnoll bouda gazes fiercely through you!
You feel your attacks grow feeble.
The gnoll hits you from afar with a +0 spear.
You die...

## #!........>..# ....
##########...........#
.....#.......##....###...##
g.[..........##....#######
......†...)..........#
.....................#
....###########......# ...
|)....S##.....## ..
......gg@......# .
......g##......# 8.!....
######## ....†.. ∩.8....
....... 8..?... .......


You could see a gnoll bouda, 2 gnolls and an adder.

Vanquished Creatures
  2 black bears
  An ogre (D:4)
  4 scorpions
  3 howler monkeys (D:5)
  An orc priest (D:3)
  2 hounds
  A jelly (D:4)
  2 sleepcaps (D:5)
  2 iguanas
  An orc wizard (D:3)
  Terence (D:3)
  2 adders
  A gnoll (D:1)
  A shadow imp (D:5)
  A white imp (D:5)
  3 worms
  2 dart slugs
  8 orcs (D:3)
  6 ball pythons
  7 bats
  7 endoplasms
  7 giant cockroaches
  3 goblins (D:2)
  7 hobgoblins
  9 jackals
  9 kobolds
  3 quokkas (D:1)
  3 frilled lizards
  6 rats
105 creatures vanquished.

Notes
Turn   | Place    | Note
-------+----------+-------------------------------------------
     0 | D:1      | dracfodder the Gargoyle Earth Elementalist began the quest
                  | for the Orb.
     0 | D:1      | Reached XP level 1. HP: 10/10 MP: 3/3
   193 | D:1      | Reached skill level 4 in Earth Magic
   223 | D:1      | Reached XP level 2. HP: 15/15 MP: 3/5
   603 | D:1      | Reached XP level 3. HP: 19/19 MP: 2/6
   687 | D:1      | Learned a level 3 spell: Stone Arrow
   770 | D:1      | Found a faded altar of an unknown god.
  1673 | D:2      | Reached skill level 5 in Earth Magic
  1896 | D:2      | Found Qafao's Antique Armour Emporium.
  1901 | D:2      | Reached XP level 4. HP: 24/24 MP: 3/7
  2855 | D:3      | Reached XP level 5. HP: 28/28 MP: 2/9
  3048 | D:3      | Found a runed translucent gate.
  3048 | D:3      | Found a runed translucent gate.
  3048 | D:3      | Found a runed translucent gate.
  3048 | D:3      | Found an opulent altar of Gozag.
  3051 | D:3      | Noticed scionoferis's ghost (amateur DjCj)
  3075 | D:3      | Noticed a black bear
  3081 | D:3      | Killed a black bear
  3082 | D:3      | Reached skill level 6 in Earth Magic
  3291 | D:3      | Noticed Terence
  3297 | D:3      | Killed Terence
  3298 | D:3      | Reached XP level 6. HP: 32/32 MP: 2/11
  3534 | D:4      | Found a hide-covered altar of Uskayaw.
  3629 | D:4      | Found an ancient bone altar of Kikubaaqudgha.
  3641 | D:4      | Reached skill level 1 in Ranged Weapons
  3644 | D:4      | Reached skill level 1 in Fighting
  3644 | D:4      | Reached skill level 1 in Axes
  3644 | D:4      | Reached XP level 7. HP: 38/38 MP: 2/13
  3754 | D:4      | Found a staircase to the Ecumenical Temple.
  3767 | Temple   | Entered the Ecumenical Temple
  4450 | D:4      | Found a radiant altar of Vehumet.
  4457 | D:4      | Became a worshipper of Vehumet
  4673 | D:5      | Entered Level 5 of the Dungeon
  4680 | D:5      | Reached skill level 1 in Conjurations
  4680 | D:5      | Reached skill level 7 in Earth Magic
  4949 | D:5      | Reached XP level 8. HP: 27/43 MP: 2/15
  4995 | D:5      | Reached skill level 5 in Spellcasting
  5173 | D:5      | Found Mora's Assorted Antiques.
  5207 | D:5      | HP: 2/43 [gnoll/+0 spear[a gnoll bouda] (6)]
  5208 | D:5      | Slain by a gnoll

Illustrated notes

Levels and vault maps discovered:
D:1:      denvon_arrival_planthouse, layout_loops_corners,
          chequers_ecumenical_altar_simple
D:2:      layout_basic, serial_shops, nicolae_shop_tiny_statue_garden,
          hangedman_decor_clover_reticule, minmay_cut_off
D:3:      layout_basic, ebering_ghost_gozag, uniq_terence
D:4:      layout_loops_ring, nicolae_kikubaaqudgha_miasma_corner,
          mainiacjoe_overflow_alcove_1, old_standard_altar,
          minmay_temple_entry_steel_oval, grunt_ministairs_15
D:5:      layout_gridville, serial_shops, nicolae_shop_statue_plus,
          minmay_strange_pillars, grunt_ministairs_10
Temple:   nicolae_temple_bog_church

Skill      XL: |  1  2  3  4  5  6  7  8 |
---------------+-------------------------+-----
Earth Magic    | 4 5 6 7 |  7.7
Spellcasting   | 3 4 5 |  5.1
Ranged Weapons | 1 2 |  2.8
Fighting       | 1 |  1.3
Axes           | 1 |  1.4
Conjurations   | 1 |  1.8
Dodging        | 2 |  2.0
Stealth        | 3 |  3.0
Transmutations | |  0.7

Action                     |  1- 3 |  4- 6 |  7- 9 || total
---------------------------+-------+-------+-------++-------
  Melee: Hand axe          |       |    16 |       ||    16
         Punch             |       |     1 |       ||     1
         War axe           |       |    13 |    22 ||    35
   Fire: Sling             |       |    12 |    42 ||    54
   Cast: Sandblast         |    51 |    54 |     6 ||   111
         Stone Arrow       |     4 |     5 |    35 ||    44
  Evoke: Wand              |       |       |     2 ||     2
    Use: Scroll            |     5 |     3 |     1 ||     9
   Stab: Sleeping          |       |     1 |       ||     1
 Armour: Robe              |     5 |    26 |    26 ||    57
  Dodge: Dodged            |    11 |    30 |    23 ||    64

Table legend: (Time is in decaauts)
 A = Elapsed time spent in this place.
 B = Non-inter-level travel time spent in this place.
 C = Inter-level travel time spent in this place.
 D = Time resting spent in this place.
 E = Time spent auto-exploring this place.
 F = Levels seen in this place.
 G = Mean time per level.
                   A        B        C        D        E       F      G
               +--------+--------+--------+--------+--------+-----+--------+
         Total |   5296 |   5175 |    121 |   1011 |   3400 |   6 |  882.7 |
       Dungeon |   5136 |   5020 |    116 |   1011 |   3258 |   5 | 1027.2 |
        Temple |    159 |    154 |      5 |      0 |    142 |   1 |  159.0 |
               +--------+--------+--------+--------+--------+-----+--------+

Top non-repeatable levels by time:
     D:1: 1402 daAuts
     D:2: 1151 daAuts
     D:3: 1038 daAuts
     D:4: 991 daAuts
     D:5: 552 daAuts
  Temple: 159 daAuts
